 Dungeon Crawl Stone Soup version 0.31.0 (webtiles) character file.

Game seed: 17446154668634456060

141 qw the Shooter (level 5, -8/32 HPs)
             Began as a Gargoyle Hunter on Jan 19, 2024.
             Killed by divine providence
             ... invoked by an orc priest
              (13 damage)
             ... on level 3 of the Dungeon.
             The game lasted 00:00:10 (2236 turns).

qw the Shooter (Gargoyle Hunter)                    Turns: 2236, Time: 00:00:11

Health: -8/32      AC: 10    Str: 16    XL:     5   Next: 24%
Magic:  5/5        EV: 11    Int: 10    God:
Gold:   45         SH:  0    Dex: 15    Spells: 4/4 levels left

rFire   . . .        a - +0 shortbow
rCold   . . .        (shield currently unavailable)
rNeg    + . .        b - +1 leather armour "Zuarurun" {Str+2}
rPois   inf          (no helmet)
rElec   +            e - +0 cloak
rCorr   .            g - +0 pair of gloves
SInv    .            (no boots)
Will    .....        i - amulet of faith
Stlth   ++           (no ring)
HPRegen 0.25/turn    (no ring)
MPRegen 0.09/turn

%: faith
@: about to teleport
A: sickness immunity, AC +4, negative energy resistance 1, electricity
resistance, torment resistance 1, petrification resistance
a: no special abilities


You were on level 3 of the Dungeon.
You visited 1 branch of the dungeon, and saw 3 of its levels.

You collected 45 gold pieces.


Innate Abilities, Weirdness & Mutations

You are immune to sickness and miasma.
Your stone body is resilient. (AC +4)
You are immune to poison.
You resist negative energy. (rN+)
You are resistant to electric shocks. (rElec)
You are resistant to unholy torment.
You are immune to petrification.


   Skills:
 - Level 3.0 Fighting
 + Level 5.7 Ranged Weapons
 - Level 1.9 Armour
 - Level 1.5 Dodging
 - Level 1.1 Stealth


You had 4 spell levels left.
You didn't know any spells.
Your spell library was empty.

Inventory:

Hand Weapons
 a - a +0 shortbow (weapon)
Armour
 b - the +1 leather armour "Zuarurun" (worn) {Str+2}
   (You found it on level 2 of the Dungeon)

   Str+2:     It affects your strength (+2).
 e - a +0 cloak (worn)
 g - a +0 pair of gloves (worn)
Jewellery
 i - an amulet of faith (around neck)

Dungeon Overview and Level Annotations

Branches:
Dungeon (3/15)

Altars:


Message History

HP restored.
Done exploring.
What level of the Dungeon? (default 3, ? - help)
Things that are here:
a +0 mace; a +0 scale mail of cold resistance; an orc corpse
There is a stone staircase leading down here.
You climb downwards.
The orc priest hits you but does no damage.
There is a stone staircase leading up here.
You shoot an arrow. The arrow barely misses the orc priest.
The orc priest invokes the aid of Beogh against you.
Beogh smites you!
You shoot an arrow. The arrow barely misses the orc priest.
The orc priest hits you but does no damage.
You shoot an arrow. The arrow barely misses the orc priest.
The orc priest hits you with a +0 hand axe.
You shoot an arrow. The arrow hits the orc priest.
The orc priest is moderately wounded.
The orc priest hits you but does no damage.
You shoot an arrow. The arrow hits the orc priest.
The orc priest is moderately wounded.
The orc priest closely misses you.
The orc priest hits you but does no damage.
You shoot an arrow. The arrow hits the orc priest.
The orc priest is heavily wounded.
The orc priest miscasts a cantrip.
You shoot an arrow. The arrow barely misses the orc priest.
The orc priest barely misses you.
You shoot an arrow. The arrow hits the orc priest.
The orc priest is almost dead.
The orc priest hits you with a +0 hand axe.
You shoot an arrow. The arrow barely misses the orc priest.
The orc priest invokes the aid of Beogh against you.
Beogh smites you!
2236 ||| READING scroll of teleportation.
As you read the scroll of teleportation, it crumbles to dust.
You feel strangely unstable.
The orc priest mumbles some strange prayers to Beogh against you.
Beogh smites you!
You die...

#.# #######.#
########.......#
#([......#####.#
#.######.# #.# #.# #.#
###'######### #.# #.#
#............
..######.###............
....##.......)..@.......
....##.#.#.....o.....###
....##.#.#####.###.#.#
....'..................
....##.#.#####.......# #
....##.#.# #.......#
....##.#.#####.......#
....+...............>#
....##'#.......###.#.#


You could see an orc priest.

Vanquished Creatures
  An orc wizard (D:2)
  4 adders
  5 dart slugs
  2 ribbon worms (D:2)
  7 orcs
  3 ball pythons
  7 endoplasms
  A giant cockroach (D:2)
  4 hobgoblins
  3 quokkas
  6 bats
  A frilled lizard (D:1)
  4 goblins
  7 kobolds
  4 rats
59 creatures vanquished.

Notes
Turn   | Place    | Note
-------+----------+-------------------------------------------
     0 | D:1      | qw the Gargoyle Hunter began the quest for the Orb.
     0 | D:1      | Reached XP level 1. HP: 12/12 MP: 1/1
     0 | D:1      | 0 ||| qw: Version: 0.3-a-132-g3d54051
     0 | D:1      | 0 ||| qw: Game counter: 50
     0 | D:1      | 0 ||| qw: Melee chars always use a shield: true
     0 | D:1      | 0 ||| qw: God list: Okawaru
     0 | D:1      | 0 ||| qw: Allow faded altars: false
     0 | D:1      | 0 ||| qw: Do Orc after clearing Dungeon:15 true
     0 | D:1      | 0 ||| qw: Do second Lair branch before Depths: true
     0 | D:1      | 0 ||| qw: Lair rune preference: random
     0 | D:1      | 0 ||| qw: Goals: Normal
     0 | D:1      | 0 ||| PLANNING D:1-11
   186 | D:1      | Reached XP level 2. HP: 17/17 MP: 2/2
   661 | D:1      | Reached XP level 3. HP: 21/21 MP: 3/3
   721 | D:1      | Reached skill level 5 in Ranged Weapons
   730 | D:1      | 730 ||| UPGRADING to +0 cloak.
   735 | D:1      | 735 ||| READING 2 scrolls labelled NOOSHR XYAROSEO.
   739 | D:1      | 739 ||| DROPPING scroll of butterflies.
   750 | D:2      | 750 ||| STAIRDANCE
   801 | D:2      | Reached skill level 3 in Fighting
   801 | D:2      | 801 ||| FLEEEEING.
   823 | D:2      | Identified the +1 leather armour "Zuarurun" {Str+2}
   909 | D:2      | Reached XP level 4. HP: 28/28 MP: 4/4
  1759 | D:2      | 1759 ||| UPGRADING to +1 leather armour "Zuarurun" {Str+2}.
  1769 | D:2      | 1769 ||| DROPPING +0 leather armour.
  1770 | D:2      | 1770 ||| UPGRADING to +0 pair of gloves.
  1775 | D:2      | 1775 ||| UPGRADING to amulet of faith.
  1780 | D:2      | 1780 ||| READING 4 scrolls labelled YVUHAI GOSIO.
  1780 | D:2      | 1780 ||| IDENTIFYING green potion
  1781 | D:2      | 1781 ||| READING 3 scrolls of identify.
  1781 | D:2      | 1781 ||| IDENTIFYING scroll labelled TOWYEL XAHOFU
  1782 | D:2      | 1782 ||| READING 2 scrolls of identify.
  1782 | D:2      | 1782 ||| IDENTIFYING scroll labelled KEUBBOE ODARIAXTAE
  1783 | D:2      | 1783 ||| DROPPING scroll of immolation.
  1784 | D:2      | 1784 ||| DROPPING scroll of fear.
  1785 | D:2      | 1785 ||| DROPPING potion of ambrosia.
  1849 | D:3      | 1849 ||| FLEEEEING.
  1860 | D:3      | 1860 ||| FLEEEEING.
  1869 | D:3      | 1869 ||| STAIRDANCE
  1876 | D:2      | 1876 ||| FLEEEEING.
  1885 | D:2      | Reached skill level 1 in Armour
  1885 | D:2      | Reached XP level 5. HP: 23/32 MP: 5/5
  2130 | D:3      | 2130 ||| FLEEEEING.
  2131 | D:3      | 2131 ||| FLEEEEING.
  2132 | D:3      | 2132 ||| FLEEEEING.
  2133 | D:3      | 2133 ||| FLEEEEING.
  2134 | D:3      | 2134 ||| FLEEEEING.
  2135 | D:3      | 2135 ||| FLEEEEING.
  2136 | D:3      | 2136 ||| FLEEEEING.
  2137 | D:3      | 2137 ||| FLEEEEING.
  2138 | D:3      | 2138 ||| FLEEEEING.
  2139 | D:3      | 2139 ||| FLEEEEING.
  2140 | D:3      | 2140 ||| FLEEEEING.
  2141 | D:3      | 2141 ||| FLEEEEING.
  2142 | D:3      | 2142 ||| FLEEEEING.
  2143 | D:3      | 2143 ||| FLEEEEING.
  2144 | D:3      | 2144 ||| FLEEEEING.
  2145 | D:3      | 2145 ||| FLEEEEING.
  2146 | D:3      | 2146 ||| FLEEEEING.
  2147 | D:3      | 2147 ||| FLEEEEING.
  2148 | D:3      | 2148 ||| FLEEEEING.
  2149 | D:3      | 2149 ||| FLEEEEING.
  2150 | D:3      | 2150 ||| FLEEEEING.
  2151 | D:3      | 2151 ||| FLEEEEING.
  2152 | D:3      | 2152 ||| FLEEEEING.
  2153 | D:3      | 2153 ||| STAIRDANCE
  2182 | D:2      | 2182 ||| READING scroll of identify.
  2182 | D:2      | 2182 ||| IDENTIFYING scroll labelled IGALOAFEXIWNE
  2183 | D:2      | 2183 ||| DROPPING scroll of silence.
  2193 | D:3      | 2193 ||| STAIRDANCE
  2199 | D:3      | 2199 ||| STAIRDANCE
  2203 | D:2      | 2203 ||| FLEEEEING.
  2235 | D:3      | HP: 5/32 [orc priest/divine providence (11)]
  2236 | D:3      | 2236 ||| READING scroll of teleportation.
  2236 | D:3      | Killed from afar by an orc priest

Levels and vault maps discovered:
D:1:      elethiomel_arrival_quiet, layout_basic
D:2:      layout_loops_corners, serial_rivers, chequers_serial_rivers_large_b,
          chequers_serial_rivers_marsh, chequers_serial_rivers_micro_b,
          chequers_serial_rivers_small_b, chequers_serial_rivers_room_b,
          chequers_serial_rivers_micro_a
D:3:      layout_basic

Skill      XL: |  1  2  3  4 |
---------------+-------------+-----
Ranged Weapons | 5 |  5.7
Fighting       | 3 |  3.0
Armour         | 1 |  1.9
Dodging        | |  1.5
Stealth        | |  1.1

Action                     |  1- 3 |  4- 6 || total
---------------------------+-------+-------++-------
   Fire: Shortbow          |    90 |   123 ||   213
    Use: Scroll            |     1 |     5 ||     6
 Armour: Leather armour    |    33 |    50 ||    83
  Dodge: Dodged            |    17 |    22 ||    39

Table legend:
 A = Non-vault XP
 B = Vault XP
 C = Vault XP percentage of total XP
 D = Non-vault monster count
 E = Vault monster count
 F = Vault count percentage of total count
                 A         B        C        D         E       F
            +---------+---------+-------+---------+---------+-------
      Total |     202 |       0 |   0.0 |      59 |       0 |   0.0
            +---------+---------+-------+---------+---------+-------
        D:1 |      42 |       0 |   0.0 |      20 |       0 |   0.0
        D:2 |     117 |       0 |   0.0 |      25 |       0 |   0.0
        D:3 |      43 |       0 |   0.0 |      14 |       0 |   0.0
            +---------+---------+-------+---------+---------+-------
